 Dungeon Crawl Stone Soup version 0.31-a0-803-g95b03c3367 (webtiles) character file.

Game seed: 5486711427930072666

153 Karas the Trooper (level 5, -8/47 HPs)
             Began as a Minotaur Berserker on Sept 20, 2023.
             Was a Believer of Trog (penitent).
             Mangled by a gnoll
             ... wielding a +0 halberd
              (17 damage)
             ... on level 5 of the Dungeon.
             The game lasted 00:33:53 (3003 turns).

Karas the Trooper (Minotaur Berserker)              Turns: 3003, Time: 00:33:54

Health: -8/47      AC:  0    Str: 23    XL:     5   Next: 12%
Magic:  4/4        EV: 14    Int:  4    God:    Trog [**....]
Gold:   103        SH:  0    Dex: 10    Spells: 1/4 levels left

rFire   + . .        v - melded +2 spear (venom)
rCold   + . .        (shield currently unavailable)
rNeg    . . .        m - melded +0 chain mail
rPois   +            (helmet currently unavailable)
rElec   +            u - melded +0 cloak
rCorr   +            (gloves currently unavailable)
SInv    .            (boots currently unavailable)
Will    .....        (no amulet)
Stlth   +            c - melded ring of wizardry
HPRegen 0.27/turn    (ring currently unavailable)
MPRegen 0.09/turn

%: no passive effects
@: pig-form, resistant, very quick
A: fast, no casting, small, (horns 2), (retaliatory headbutt)
a: Renounce Religion


You were on level 5 of the Dungeon.
You worshipped Trog.
Trog was demanding penance.
You were a filthy swine.
You visited 1 branch of the dungeon, and saw 5 of its levels.

You collected 103 gold pieces.

Inventory:

Hand Weapons
 a - a +0 mace
 j - the +1 dagger "Pishypul" {venom, rPois}
   (You found it on level 3 of the Dungeon)

   rPois:     It protects you from poison
 s - a +0 arbalest
 v - a +2 spear of venom (melded)
 A - a +2 dagger of venom
Missiles
 g - 20 stones
Armour
 b - a +0 animal skin
 f - a +0 ring mail
 i - a +0 ring mail
 m - a +0 chain mail (melded)
 o - a +0 ring mail
 t - a +0 helmet
 u - a +0 cloak (melded)
 x - a +2 pair of boots
 z - a +0 leather armour
Jewellery
 c - a ring of wizardry (melded)
 e - a ring of fire
 y - a ring of resist corrosion
Wands
 h - a wand of paralysis (10)
 B - a wand of digging (8) (quivered)
Scrolls
 C - a scroll of amnesia {unknown}
Potions
 d - a potion of resistance
 k - 2 potions of heal wounds {unknown}
 l - a potion of attraction
 n - a potion of degeneration
 p - 2 potions of curing {unknown}
 q - a potion of lignification {unknown}
 r - a potion of cancellation {unknown}
 w - a potion of invisibility


   Skills:
 + Level 4.6 Fighting
 + Level 0.8 Short Blades
 + Level 4.5 Maces & Flails
 + Level 1.0 Ranged Weapons
 + Level 4.2 Armour
 + Level 2.7 Dodging
 + Level 0.2 Stealth


You had one spell level left.
You knew the following spells:

 Your Spells              Type           Power      Damage    Failure   Level
a - Summon Small Mammal   Summ           0%         N/A       50%         1
b - Necrotise             Necr           0%         1d4       50%         1
c - Apportation           Tloc           0%         N/A       50%         1

Your spell library contained the following spells:

 Spells                   Type           Power      Damage    Failure   Level


Dungeon Overview and Level Annotations

Branches:
Dungeon (5/15)
 Temple: D:4-7

Altars:

Shops:
D:1 :*

Annotations:
D:4 Eustachio


Innate Abilities, Weirdness & Mutations

You are a filthy swine.
You move quickly.
Your equipment is almost entirely melded.
You are incapable of wielding weapons or throwing items.
You cannot cast spells.
((You have a pair of horns on your head.))
((You reflexively headbutt those who attack you in melee.))


Message History

You hit the orc priest but do no damage.
The orc wizard points at you and mumbles some strange words.
You are confused.
The orc priest hits you with a +0 short sword.
You miss the orc wizard. The orc wizard barely misses you.
The orc priest closely misses you.
You're too confused to move!
The orc wizard misses you.
The orc priest invokes the aid of Beogh against you.
You barely resist.
A gnoll comes into view. It is wielding a +0 spear.
The gnoll closely misses you.
The gnoll shouts!
You hit the orc priest.
The orc priest is moderately wounded.
The orc wizard hits you with a +0 vampiric dagger.
The orc priest hits you with a +0 short sword.
The gnoll hits you from afar with a +0 halberd.
You closely miss the orc priest.
The orc priest is heavily wounded.
The orc wizard closely misses you.
The orc priest hits you with a +0 short sword.
The gnoll misses you.
You barely miss the orc priest.
The orc priest is heavily wounded.
You are too confused!
A gnoll comes into view. It is wielding a +0 spear.
The gnoll shouts!
The orc priest hits you with a +0 short sword.
The gnoll barely misses you.
You can't wear that in your present form.
It was a potion of resistance.
You feel protected.
You feel less confused.
The orc wizard hits you with a +0 vampiric dagger.
The orc priest miscasts a cantrip.
The gnoll hits you from afar with a +0 halberd!
The orc wizard misses you.
The orc priest hits you with a +0 short sword.
* * * LOW HITPOINT WARNING * * *
The gnoll misses you. The gnoll hits you with a +0 halberd!
You die...

....#.###### #.#. .....#
##.#.###### #...##
..........# #....##
.....g....# #....###
..........######......##
.......g...............#
......g...######........
.......h............##..
.......oo.##.......†....
...####..)...###....###.
........###### #....# ##
....#### #...># # ...
#....# # .. ###### # .


You could see an orc priest (poisoned), an orc wizard and 3 gnolls.

Vanquished Creatures
  Terence (D:3)
  An iguana (D:5)
  2 gnolls (D:4)
  An adder (D:5)
  A worm (D:2)
  A dart slug (D:1)
  3 orcs
  8 endoplasms
  3 giant cockroaches
  6 goblins
  6 hobgoblins
  3 jackals (D:4)
  A quokka (D:2)
  9 ball pythons
  4 bats
  3 frilled lizards
  4 kobolds
  7 rats
64 creatures vanquished.

Notes
Turn   | Place    | Note
-------+----------+-------------------------------------------
     0 | D:1      | Karas the Minotaur Berserker began the quest for the Orb.
     0 | D:1      | Reached XP level 1. HP: 19/19 MP: 0/0
   195 | D:1      | Found Tilussud's Book Emporium.
   262 | D:1      | Reached XP level 2. HP: 26/27 MP: 1/1
   636 | D:1      | Found Simaku's Assorted Antiques.
  1110 | D:2      | Reached ** piety under Trog
  1132 | D:2      | Reached XP level 3. HP: 33/33 MP: 2/2
  1949 | D:3      | Identified the +1 dagger "Pishypul" {venom, rPois}
  2041 | D:3      | Noticed Terence
  2055 | D:3      | Killed Terence
  2056 | D:3      | Reached skill level 1 in Ranged Weapons
  2056 | D:3      | Reached XP level 4. HP: 37/41 MP: 3/3
  2431 | D:3      | Was placed under penance by Trog
  2433 | D:3      | Learned a level 1 spell: Summon Small Mammal
  2436 | D:3      | Learned a level 1 spell: Necrotise
  2438 | D:3      | Learned a level 1 spell: Apportation
  2740 | D:4      | Noticed Eustachio
  2793 | D:5      | Entered Level 5 of the Dungeon
  2955 | D:5      | Reached XP level 5. HP: 39/47 MP: 4/4
  3003 | D:5      | Mangled by a gnoll

Illustrated notes

Levels and vault maps discovered:
D:1:      psy_arrival_basics, layout_loops_cross, serial_shops,
          nicolae_shop_overgrown_old_shop, shop
D:2:      layout_rooms, minmay_distorted
D:3:      layout_basic, chei_slow_surprise, uniq_terence
D:4:      minmay_polygon_palace, layout_rooms, enter_ossuary_3,
          nicolae_stop_n_shop_2, uniq_eustachio
D:5:      layout_rooms, uniq_edmund, uniq_sigmund

Skill      XL: |  1  2  3  4 |
---------------+-------------+-----
Maces & Flails | 4 |  4.5
Fighting       | 4 |  4.6
Armour         | 3 4 |  4.2
Ranged Weapons | 1 |  1.0
Short Blades   | |  0.8
Dodging        | |  2.7
Stealth        | |  0.2

Action                     |  1- 3 |  4- 6 || total
---------------------------+-------+-------++-------
  Melee: Mace              |    78 |       ||    78
         Headbutt          |     8 |    10 ||    18
         Punch             |     1 |       ||     1
         Dagger            |    18 |    41 ||    59
         Spear             |       |     9 ||     9
         Unarmed           |       |     5 ||     5
   Fire: Sling             |     4 |       ||     4
  Evoke: Wand              |     1 |       ||     1
    Use: Potion            |     3 |     1 ||     4
         Scroll            |     3 |       ||     3
 Armour: Ring mail         |    72 |       ||    72
         Animal skin       |     1 |       ||     1
         Chain mail        |       |    90 ||    90
         Skin              |       |    10 ||    10
  Dodge: Dodged            |    72 |    70 ||   142

Table legend: (Time is in decaauts)
 A = Elapsed time spent in this place.
 B = Non-inter-level travel time spent in this place.
 C = Inter-level travel time spent in this place.
 D = Time resting spent in this place.
 E = Time spent auto-exploring this place.
 F = Levels seen in this place.
 G = Mean time per level.
                   A        B        C        D        E       F      G
               +--------+--------+--------+--------+--------+-----+--------+
         Total |   3016 |   2824 |    192 |      0 |    100 |   5 |  603.2 |
       Dungeon |   3016 |   2824 |    192 |      0 |    100 |   5 |  603.2 |
               +--------+--------+--------+--------+--------+-----+--------+

Top non-repeatable levels by time:
     D:1: 1090 daAuts
     D:2: 820 daAuts
     D:3: 736 daAuts
     D:5: 209 daAuts
     D:4: 159 daAuts
